 Dungeon Crawl Stone Soup version 0.16-a0-3218-g9b393b2 (webtiles) character file.

171863 myeffort the Earth Mage (level 17, -6/121 HPs)
             Began as a Deep Dwarf Earth Elementalist on Dec 20, 2014.
             Was the Champion of Makhleb.
             Mangled by a shock serpent (9 damage)
             ... on level 3 of the Snake Pit on Dec 21, 2014.
             The game lasted 03:54:01 (43033 turns).

myeffort the Earth Mage (DDEE)                     Turns: 43033, Time: 03:54:01

Health: -6/121     AC: 21    Str: 13    XL:     17   Next: 40%
Magic:  3/43       EV: 12    Int: 22    God:    Makhleb [******]
Gold:   3220       SH: 13    Dex: 17    Spells: 7 memorised, 2 levels left

rFire  . . .     SeeInvis .     b - staff of wizardry
rCold  . . .     Clarity  .     E - +3 leather armour {rPois}
rNeg   + . .     SustAb   .     F - +0 shield
rPois  +         Gourm    +     k - +0 helmet
rElec  .         Spirit   .     s - +2 cloak "Leomilif" {MR++ Dex+4}
rCorr  .         Warding  .     m - +2 pair of gloves
rMut   .         Stasis   .     o - +2 pair of boots
MR     +++++                    j - amulet of the gourmand
Stlth  +++++++...               Z - ring "Issuuh" {MR+ Stlth+}
                                v - ring of magical power

@: stone skin, very slightly contaminated, non-regenerating, constricted, almost
entirely resistant to hostile enchantments, extremely stealthy
A: damage resistance, recharge devices, negative energy resistance 1, sense
surroundings 2, slow healing 3, wild magic 1
a: Device Recharging, Minor Destruction, Lesser Servant of Makhleb, Major
Destruction, Greater Servant of Makhleb, Renounce Religion


You were on level 3 of the Snake Pit.
You worshipped Makhleb.
Makhleb was exalted by your worship.
You were full.

You visited 8 branches of the dungeon, and saw 36 of its levels.
You also visited: Wizlab.

You collected 4711 gold pieces.
You spent 1491 gold pieces at shops.

Inventory:

Hand weapons
 a - the +6 trident "Vijodd" {venom, Dex+2}
   (You found it on level 4 of the Dungeon)

   It poisons the flesh of those it strikes.
   It affects your dexterity (+2).
Missiles
 x - 176 stones (quivered)
Armour
 k - a +0 helmet (worn)
 m - a +2 pair of gloves (worn)
 o - a +2 pair of boots (worn)
 s - the +2 cloak "Leomilif" (worn) {MR++ Dex+4}
   (You found it on level 8 of the Dungeon)

   It affects your dexterity (+4).
   It affects your resistance to hostile enchantments.
 E - a +3 leather armour of poison resistance (worn)
 F - a +0 shield (worn)
Magical staves
 b - an uncursed staff of wizardry (weapon)
Jewellery
 j - an amulet of the gourmand (around neck)
 v - a ring of magical power (left hand)
 K - an uncursed ring of positive energy
 M - an uncursed ring of see invisible
 U - a +4 ring of strength
 Z - the ring "Issuuh" (right hand) {MR+ Stlth+}
   (You found it on level 6 of the Lair of Beasts)

   [ring of protection from magic]

   It affects your resistance to hostile enchantments.
   It makes you more stealthy.
Magical devices
 q - a wand of heal wounds (1)
 u - a wand of digging (15)
 D - a wand of teleportation (2)
 S - a wand of fire (5)
 X - a wand of cold (1)
 Y - a wand of enslavement (5)
Scrolls
 d - 6 scrolls of amnesia
 h - a scroll of remove curse
 r - 5 scrolls of fog
 t - 5 scrolls of identify
 y - a scroll of enchant armour
 B - 2 scrolls of brand weapon
 I - 2 scrolls of teleportation
 J - 4 scrolls of magic mapping
 N - a scroll of silence
Potions
 c - 2 potions of haste
 e - a potion of cancellation
 g - 13 potions of curing
 i - a potion of restore abilities
 n - 2 potions of invisibility
 z - a potion of might
 G - 3 potions of magic
 O - 4 potions of brilliance
 R - 2 potions of resistance
 T - a potion of agility
Books
 w - a book of the Earth

   Spells                             Type                      Level
   a - Leda's Liquefaction            Hexes/Earth                  4
   b - Bolt of Magma                  Conjuration/Fire/Earth       5
   c - Statue Form                    Transmutation/Earth          6
   d - Iron Shot                      Conjuration/Earth            6
   e - Shatter                        Earth                        9
Miscellaneous
 A - a stone of tremors (inert, charging)
 Q - a plain deck of wonders {drawn: 5}
Comestibles
 f - 23 bread rations
 p - a royal jelly
 H - a meat ration
 L - 2 poisonous chunks of flesh
 P - 6 fruits


   Skills:
 - Level 2.1 Dodging
 - Level 15.0 Stealth
 - Level 15.0 Shields
 - Level 4.2 Spellcasting
 + Level 8.9 Conjurations
 - Level 7.0 Transmutations
 - Level 20.0 Earth Magic
 - Level 15.3 Invocations
 - Level 15.3 Evocations


You had 2 spell levels left.
You knew the following spells:

 Your Spells              Type           Power        Failure   Level  Hunger
a - Sandblast             Erth           ######       1%          1    None
b - Stoneskin             Trmt/Erth      #######.     1%          2    #......
c - Iron Shot             Conj/Erth      #######...   4%          6    #######
d - Lee's Rapid Deconstr  Erth           #######...   1%          5    ######.
e - Apportation           Tloc           #.........   9%          1    None
f - Petrify               Trmt/Erth      #######.     1%          4    ####...
g - Stone Arrow           Conj/Erth      ######       1%          3    ##.....


Dungeon Overview and Level Annotations

Branches:
Dungeon (15/15)            Temple (1/1) D:5            Lair (8/8) D:8
 Shoals (1/5) Lair:4        Snake (3/5) Lair:6        Slime (0/6) Lair:6
    Orc (4/4) D:11            Elf (2/3) Orc:4        Vaults (0/5) D:14
 Depths (2/5) D:15

Altars:
Ashenzari
Cheibriados
Dithmenos
Elyvilon
Fedhas
Gozag
Kikubaaqudgha
Makhleb
Nemelex Xobeh
Okawaru
Qazlal
Ru
Sif Muna
Trog
Vehumet
Xom
Yredelemnul
Zin
The Shining One
Beogh
Jiyva
Lugonu

Shops:
D:7 !   D:8 (*   D:13 =   Orc:1 =   Orc:4 ([[[   Elf:2 :   Snake:1 (

Portals:
Hell: Depths:1
Abyss: Elf:1
Pandemonium: Depths:1

Annotations:
Lair:2 exclusion: oklob plant
Lair:3 exclusion: oklob plant
Lair:4 exclusion: 2 oklob plants
Lair:8 runed door
Snake:3 Wiglaf
Elf:2 runed door


Innate Abilities, Weirdness & Mutations

You are resistant to damage.
You can recharge devices by infusing magical energy.
You resist negative energy.
You passively map the area around you.
You do not heal naturally.
Your spells are a little harder to cast, but a little more powerful.


Message History

The naga looks frightened!
The black mamba looks frightened!
The shock serpent resists with some effort.
The guardian serpent hits you.
Wiglaf hits you with a war axe of chopping.
* * * LOW HITPOINT WARNING * * *
x2 You block the shock serpent's attack.
The guardian serpent weaves intricate patterns with the tip of its tongue.
The greater naga blinks!
Evoke which item? (* to show all) (? for menu, Esc to quit)
Zapping:
q - a wand of heal wounds (2)
Press: ? - help, Shift-Dir - straight line, f - you You feel much better.
This wand has 1 charge left.
You block the greater naga's attack. The greater naga grabs you.
The greater naga constricts you. You block the shock serpent's attack.
Wiglaf hits you with a war axe of chopping!!
* * * LOW HITPOINT WARNING * * *
The guardian serpent hits you!
* * * LOW HITPOINT WARNING * * *
The shock serpent bites you. The shock serpent shocks you!
You die...

, *,, ,, , , .***
,,, , , ..* , ,* ,
,,$S#. , * ... , #.#
* ^∆* * ,#..* ..## *
,, #..# ,......... ,
#..###.N##.?....N..#
, ,>
.......E@S.........#
*
#..#.###Sg.........#
* *, ###.......N.# ,
,**#.../.....# * **
,, ** , #...)..%..#
,, #....<..N.# , ,
*** * , #,##.######
, * ***, * * ,


You could see Wiglaf, a greater naga, a shock serpent, a guardian serpent, a
black mamba (fleeing), a naga (fleeing) and a friendly earth elemental.

Vanquished Creatures
  Maud (Lair:6)
  An emperor scorpion (Depths:1)
  Gastronok (D:11)
  3 deep elf death magi
  3 fire dragons
  Josephine (Shoals:1)
  A rakshasa (Depths:1)
  Fannar (D:12)
  A yaktaur captain (Depths:1)
  6 naga warriors
  6 hydras
  A merfolk avatar (Shoals:1)
  A centaur warrior (D:14)
  Erica (Lair:5)
  4 dancing weapons (Elf:2)
  3 death yaks (Lair:5)
  2 ogre magi (Depths:1)
  A tengu warrior (Depths:1)
  An orc high priest (Elf:1)
  A shock serpent (shapeshifter) (Depths:1)
  2 shock serpents (Snake:2)
  Nergalle (Lair:5)
  The ghost of myeffort the Geomancer, an experienced DDEE of Makhleb (D:8)
  2 salamander mystics (Snake:2)
  2 unseen horrors
  3 sea snakes (Shoals:1)
  11 deep elf knights
  5 wizards
  5 deep elf summoners
  2 naga ritualists (Snake:1)
  A lindwurm (Lair:8)
  A wolf spider zombie (D:14)
  6 deep trolls (Depths:1)
  2 orc knights (Orc:4)
  4 hill giants
  An orc sorcerer (Orc:4)
  8 ugly things
  7 salamanders
  3 manticores
  4 necromancers
  3 griffons
  7 cyclopes
  5 mana vipers
  8 fauns (Shoals:1)
  9 deep elf conjurers
  3 sirens (Shoals:1)
  5 elephants (Lair:3)
  5 drowned souls (Shoals:1)
  Joseph (D:8)
  19 black mambas
  4 centaur skeletons
  8 spiny frogs
  4 torpor snails
  2 yaktaurs (Depths:1)
  A small abomination (Elf:2)
  A gargoyle (D:15)
  9 naga magi
  2 efreet (D:13)
  3 fire drakes
  4 deep elf priests (Elf:2)
  12 komodo dragons
  2 tengu conjurers (Depths:1)
  2 merfolk (Shoals:1)
  2 wind drakes (WizLab)
  9 two-headed ogres
  4 trolls
  10 polar bears
  Prince Ribbit (D:7)
  A giant leech (Lair:8)
  10 air elementals (WizLab)
  30 slime creatures
  A raven (Depths:1)
  A queen bee (D:15)
  A basilisk (Lair:6)
  A wraith (D:11)
  19 blink frogs
  A spriggan (shapeshifter) (D:14)
  2 wyverns
  A snapping turtle (Lair:4)
  A spriggan (D:8)
  17 humans (D:14)
  10 deep elf magi
  A hungry ghost (D:12)
  A trapdoor spider (D:13)
  A centaur simulacrum (D:15)
  9 hippogriffs
  2 vampire mosquitoes (D:13)
  A steam dragon (D:12)
  11 deep elf fighters
  38 yaks
  7 insubstantial wisps (WizLab)
  15 nagas
  2 soldier ants
  22 wolves
  A water nymph zombie (Shoals:1)
  2 earth elementals
  11 wargs
  A harpy simulacrum (Shoals:1)
  30 water moccasins
  9 ice beasts
  2 merfolk zombies (Shoals:1)
  13 porcupines
  3 large abominations (Elf:1)
  A yellow wasp (Lair:8)
  28 orc warriors
  3 hell hounds (Lair:8)
  A merfolk skeleton (Shoals:1)
  A phantom (D:14)
  An eye of draining (D:10)
  3 boggarts (Depths:1)
  22 ogres
  2 sky beasts
  12 black bears
  A manticore skeleton (Shoals:1)
  10 centaurs
  9 crocodiles
  A boring beetle (Lair:6)
  Sigmund (D:2)
  Duvessa (D:5)
  A komodo dragon zombie (Lair:6)
  3 big kobolds
  A gnoll sergeant (D:4)
  An elf zombie (Elf:1)
  22 giant frogs
  A wyvern zombie (D:15)
  2 brain worms (Lair:8)
  22 killer bees
  3 wyvern skeletons
  5 scorpions
  8 wights
  7 electric eels
  Dowan (D:5)
  2 quasits
  2 goliath beetles
  4 centaur zombies
  6 crimson imps
  24 hounds
  5 jellies
  19 orc priests
  27 orc wizards
  A giant frog skeleton (D:10)
  4 iguanas
  16 worker ants
  5 hell rats
  11 sheep
  Ijyb (D:4)
  2 hound zombies
  2 hound skeletons
  A worker ant zombie (D:5)
  6 gnolls (D:4)
  24 adders
  20 river rats
  3 shadow imps
  13 white imps
  2 giant mites (D:3)
  11 worms
  An adder skeleton (D:9)
  168 orcs
  A ball python (D:1)
  A bat skeleton (D:7)
  3 bat zombies (D:5)
  6 giant cockroaches
  18 hobgoblins
  28 jackals
  14 quokkas
  8 bats
  6 giant geckos
  4 giant newts
  2 giant spores
  17 goblins
  A goblin skeleton (D:8)
  A goblin zombie (D:8)
  2 hobgoblin zombies (D:8)
  29 kobolds
  2 kobold skeletons (D:8)
  2 kobold zombies (D:8)
  2 orc skeletons (D:8)
  An orc zombie (D:8)
  A quokka skeleton (D:10)
  21 rats
  2 rat zombies (D:5)
  8 spectral orcs (Lair:5)
  7 ballistomycetes
  3 fungi
  6 plants
1284 creatures vanquished.

Vanquished Creatures (collateral kills)
  A Cloud Mage (WizLab)
  A stone giant (Depths:1)
  2 ettins (Depths:1)
  3 great orbs of eyes (Depths:1)
  2 deep troll earth magi (Depths:1)
  4 death yaks (Lair:8)
  3 deep trolls (Depths:1)
  A necromancer (Lair:6)
  A deep elf conjurer (Elf:2)
  4 orc knights
  A manticore (Shoals:1)
  3 torpor snails (Lair:8)
  3 yaktaurs (Depths:1)
  2 komodo dragons
  2 giant leeches (Lair:8)
  7 wind drakes (WizLab)
  A merfolk (Shoals:1)
  7 slime creatures (Depths:1)
  A snapping turtle (Shoals:1)
  6 yaks (Lair:8)
  26 air elementals (WizLab)
  A deep elf fighter (Elf:2)
  3 insubstantial wisps (WizLab)
  5 wargs (Orc:4)
  2 water moccasins (Lair:6)
  2 nagas (Lair:6)
  2 yellow wasps (Lair:8)
  13 orc warriors
  An eye of draining (Depths:1)
  An elephant zombie (Lair:6)
  A centaur (D:14)
  2 brain worms (Lair:8)
  An electric eel (Lair:6)
  A basilisk zombie (Lair:6)
  An orc wizard (Orc:2)
  3 sheep (Lair:6)
  9 worms (Lair:8)
  21 orcs
  5 fungi (Lair:8)
  2 plants (Lair:8)
157 creatures vanquished.

Vanquished Creatures (others)
  2 Executioners
  A cacodemon (Depths:1)
  2 balrugs (Orc:4)
  A blizzard demon (Elf:2)
  3 green deaths
  9 drowned souls (Shoals:1)
  An earth elemental (Depths:1)
  An insubstantial wisp (WizLab)
  An elephant zombie (Lair:6)
  A crocodile (Lair:5)
  A crocodile zombie (Lair:6)
  9 plants
32 creatures vanquished.

Grand Total: 1473 creatures vanquished

Notes
Turn   | Place    | Note
--------------------------------------------------------------
     0 | D:1      | myeffort, the Deep Dwarf Earth Elementalist, began the quest for the Orb.
     0 | D:1      | Reached XP level 1. HP: 15/15 MP: 2/2
    53 | D:1      | Found an iron altar of Okawaru.
   379 | D:1      | Reached XP level 2. HP: 22/22 MP: 2/4
   770 | D:1      | Learned a level 2 spell: Stoneskin
  1104 | D:2      | Noticed Sigmund
  1390 | D:2      | Reached XP level 3. HP: 28/28 MP: 4/6
  1459 | D:2      | Learned a level 3 spell: Stone Arrow
  1940 | D:3      | Reached skill level 5 in Earth Magic
  2381 | D:3      | Reached XP level 4. HP: 29/36 MP: 5/7
  2808 | D:4      | Noticed an ogre
  2815 | D:4      | Killed an ogre
  2815 | D:4      | Reached skill level 5 in Stealth
  2815 | D:4      | Reached skill level 6 in Earth Magic
  2815 | D:4      | Reached XP level 5. HP: 10/42 MP: 3/9
  3044 | D:4      | Reached skill level 7 in Earth Magic
  3044 | D:4      | Reached XP level 6. HP: 37/49 MP: 2/10
  3121 | D:4      | Noticed an ogre
  3124 | D:4      | Killed an ogre
  3192 | D:4      | Noticed Ijyb
  3200 | D:4      | Killed Ijyb
  3337 | D:4      | Got a brightly glowing trident
  3338 | D:4      | Identified the +6 trident "Vijodd" {venom, Dex+2} (You found it on level 4 of the Dungeon)
  3401 | D:4      | Reached XP level 7. HP: 34/55 MP: 7/12
  3405 | D:4      | Reached skill level 8 in Earth Magic
  3638 | D:5      | Entered Level 5 of the Dungeon
  3649 | D:5      | Found an iron altar of Okawaru.
  3737 | D:5      | Found an ancient bone altar of Kikubaaqudgha.
  3936 | D:5      | Noticed Dowan
  4103 | D:5      | Found a staircase to the Ecumenical Temple.
  4115 | Temple   | Entered the Ecumenical Temple
  4423 | D:5      | Found a burning altar of Makhleb.
  4424 | D:5      | Found a basalt altar of Yredelemnul.
  4427 | D:5      | Became a worshipper of Makhleb the Destroyer
  4429 | D:5      | Found a sacrificial altar of Ru.
  4430 | D:5      | Found a blossoming altar of Fedhas.
  4766 | D:6      | Found an opulent altar of Gozag.
  4823 | D:6      | Reached skill level 9 in Earth Magic
  5025 | D:6      | Reached XP level 8. HP: 24/62 MP: 13/13
  5441 | D:7      | Acquired Makhleb's first power
  5693 | D:7      | Reached skill level 10 in Earth Magic
  5921 | D:7      | Found Idaboarr's Distillery.
  5924 | D:7      | Bought a potion of heal wounds for 65 gold pieces
  6021 | D:7      | Noticed Prince Ribbit
  6305 | D:8      | Noticed Joseph
  6315 | D:8      | Killed Joseph
  6315 | D:8      | Reached skill level 10 in Stealth
  6315 | D:8      | Reached skill level 11 in Earth Magic
  6442 | D:7      | Noticed a two-headed ogre
  6449 | D:7      | Killed a two-headed ogre
  6449 | D:7      | Gained mutation: You passively map the area around you. [level up]
  6449 | D:7      | Reached XP level 9. HP: 62/68 MP: 12/15
  6478 | D:8      | Found Plychayt's Assorted Antiques.
  6492 | D:8      | Bought a scroll labeled LOUMPU BROIKI for 22 gold pieces
  6492 | D:8      | Bought a glowing hunting sling for 33 gold pieces
  6492 | D:8      | Bought a scroll labeled CUENURPH QIHUMASIR for 22 gold pieces
  6492 | D:8      | Bought a scroll labeled FRAKO FRUNT for 22 gold pieces
  6519 | D:8      | Acquired Makhleb's second power
  6585 | D:8      | Got a smoking cloak
  6591 | D:8      | Identified the +2 cloak "Leomilif" {MR++ Dex+4} (You found it on level 8 of the Dungeon)
  6625 | D:8      | Found a staircase to the Lair.
  6626 | D:8      | Noticed a komodo dragon
  6831 | D:8      | Learned a level 5 spell: Lee's Rapid Deconstruction
  6840 | D:8      | Reached skill level 12 in Earth Magic
  6844 | D:8      | Noticed myeffort's ghost (experienced DDEE)
  6912 | D:8      | Found a glowing golden altar of the Shining One.
  6990 | D:8      | Found Thrijoedeibe's Weapon Shoppe.
  7104 | D:9      | Gained mutation: Your spells are a little harder to cast, but a little more powerful. [potion of beneficial mutation]
  7493 | D:10     | Entered Level 10 of the Dungeon
  7517 | D:10     | Reached skill level 13 in Earth Magic
  7538 | D:10     | Acquired Makhleb's third power
  7700 | D:10     | Found a burning altar of Makhleb.
  7722 | D:10     | Reached XP level 10. HP: 61/75 MP: 16/16
  8141 | D:10     | Noticed a hill giant
  8219 | D:10     | Killed a hill giant
  8219 | D:10     | Reached skill level 14 in Earth Magic
  8343 | D:10     | Noticed a centaur zombie
  8352 | D:10     | Noticed an unseen horror
  8357 | D:10     | Killed a centaur zombie
  8362 | D:10     | Killed an unseen horror
  8362 | D:10     | Acquired Makhleb's fourth power
  8466 | D:11     | Noticed a hill giant
  8533 | D:11     | Killed a hill giant
  8610 | D:11     | Reached skill level 15 in Earth Magic
  8641 | D:11     | Found a staircase to the Orcish Mines.
  9074 | D:11     | Reached skill level 15 in Stealth
  9074 | D:11     | Reached XP level 11. HP: 79/81 MP: 17/17
  9113 | D:11     | Noticed Gastronok
  9328 | D:12     | Reached skill level 1 in Invocations
  9365 | D:12     | Found a radiant altar of Vehumet.
  9769 | D:12     | Reached skill level 5 in Evocations
  9775 | D:12     | Noticed Fannar
  9783 | D:12     | Killed Fannar
  9783 | D:12     | Reached skill level 5 in Invocations
 10713 | D:2      | Noticed an ogre
 10751 | D:2      | Killed an ogre
 10766 | D:2      | Killed Sigmund
 10836 | D:5      | Noticed Duvessa
 10848 | D:5      | Killed Duvessa
 10849 | D:5      | Killed Dowan
 10976 | D:7      | Killed Prince Ribbit
 10993 | D:8      | Killed myeffort's ghost
 11028 | D:8      | Acquired Makhleb's fifth power
 11227 | D:8      | Killed a komodo dragon
 11282 | Lair:1   | Entered Level 1 of the Lair of Beasts
 12043 | Lair:1   | Reached skill level 10 in Evocations
 12044 | Lair:1   | Reached XP level 12. HP: 42/88 MP: 24/25
 12551 | Lair:2   | Reached skill level 10 in Invocations
 12902 | Lair:2   | Found a blossoming altar of Fedhas.
 14276 | Lair:3   | Found a deep blue altar of Sif Muna.
 15462 | Lair:4   | Found a staircase to the Shoals.
 15692 | Lair:5   | Reached XP level 13. HP: 69/94 MP: 29/29
 15830 | Lair:5   | Noticed Nergalle
 16213 | Lair:5   | Killed Nergalle
 16298 | Lair:5   | Noticed Erica
 16554 | Lair:5   | Killed Erica
 16804 | Lair:5   | Reached skill level 15 in Evocations
 17134 | Lair:6   | Noticed Maud
 17144 | Lair:6   | Killed Maud
 17181 | Lair:6   | Found a viscous altar of Jiyva.
 17182 | Lair:6   | Found a staircase to the Slime Pits.
 17202 | Lair:6   | Found a staircase to the Snake Pit.
 17509 | Lair:6   | Got a smoking marble ring
 17518 | Lair:6   | Identified the ring "Issuuh" {MR+ Stlth+} (You found it on level 6 of the Lair of Beasts)
 18124 | Lair:6   | Reached skill level 15 in Invocations
 18276 | Lair:6   | Got a wavering marble ring
 18280 | Lair:6   | Identified the ring of Ephemeral Luck {Str+3 Dex+3 Stlth-} (You found it on level 6 of the Lair of Beasts)
 18326 | Lair:6   | Reached skill level 1 in Shields
 18779 | Lair:7   | Reached skill level 5 in Shields
 19074 | Lair:7   | Found a deep blue altar of Sif Muna.
 19581 | Lair:8   | Entered Level 8 of the Lair of Beasts
 19766 | Lair:8   | Found a runed door.
 19768 | Lair:8   | Gained mutation: You resist negative energy. [level up]
 19768 | Lair:8   | Reached XP level 14. HP: 52/102 MP: 31/31
 21098 | Lair:8   | Reached skill level 10 in Shields
 22642 | Orc:1    | Entered Level 1 of the Orcish Mines
 24003 | Orc:1    | Found Rimeanwe's Jewellery Boutique.
 24022 | Orc:1    | Bought a cursed amulet of inaccuracy for 22 gold pieces
 24224 | Orc:4    | Entered Level 4 of the Orcish Mines
 24325 | Orc:4    | Found Okhles' Armour Shop.
 24325 | Orc:4    | Found Ustas' Antique Armour Emporium.
 24602 | Orc:4    | Found a staircase to the Elven Halls.
 25024 | Orc:4    | Found a roughly hewn altar of Beogh.
 25441 | Orc:4    | Found Vaohoez's Armour Shop.
 25441 | Orc:4    | Found Waipui's Antique Weapon Emporium.
 26312 | D:11     | Killed Gastronok
 27239 | D:13     | Found Pnuhoot's Jewellery Shoppe.
 27300 | D:13     | Reached XP level 15. HP: 108/108 MP: 25/32
 28450 | D:14     | Reached skill level 15 in Shields
 28815 | D:14     | Found a gate to the Vaults.
 29107 | D:14     | Reached skill level 16 in Earth Magic
 29360 | D:8      | Bought a metal-bound book for 330 gold pieces
 29545 | Shoals:1 | Entered Level 1 of the Shoals
 30349 | Shoals:1 | Learned a level 1 spell: Apportation
 30379 | Shoals:1 | Noticed Josephine
 30380 | Shoals:1 | Killed Josephine
 30581 | Lair:1   | Learned a level 4 spell: Petrify
 30588 | Lair:1   | Identified a scroll of acquirement
 30896 | Shoals:1 | Reached skill level 1 in Transmutations
 31137 | Shoals:1 | Reached skill level 17 in Earth Magic
 31763 | Elf:1    | Entered Level 1 of the Elven Halls
 32053 | Elf:1    | Found a magical portal.
 32063 | WizLab   | Entered The Chambers of Mejoz the Cloud Mage
 32274 | WizLab   | Noticed Mejoz
 32283 | WizLab   | Killed Mejoz the Cloud Mage
 32283 | WizLab   | Reached skill level 5 in Transmutations
 32291 | WizLab   | Reached XP level 16. HP: 53/115 MP: 31/33
 32317 | WizLab   | Identified the Collected Works on the Birds (You found it in a wizard's laboratory)
 32325 | WizLab   | Identified the Incunabulum of Hurtful Weightlessness (You found it in a wizard's laboratory)
 32665 | Elf:1    | Reached skill level 18 in Earth Magic
 32890 | Elf:1    | Identified Ecloih's Collected Works on Unholy Secrets (You found it on level 1 of the Elven Halls)
 33278 | Elf:1    | Found a corrupted altar of Lugonu.
 33290 | Elf:1    | Found a one-way gate to the infinite horrors of the Abyss.
 34120 | Elf:2    | Found a large runed door.
 34121 | Elf:2    | Found a large runed door.
 34208 | Elf:2    | Found a large runed door.
 34209 | Elf:2    | Found a large runed door.
 34248 | Elf:2    | Found Shriag's Book Shoppe.
 34270 | Elf:2    | Reached skill level 1 in Conjurations
 34562 | Elf:2    | Bought a book of the Earth for 975 gold pieces
 35002 | D:15     | Entered Level 15 of the Dungeon
 36144 | D:15     | Found a staircase to the Depths.
 36145 | D:15     | Reached skill level 19 in Earth Magic
 36383 | Depths:1 | Entered Level 1 of the Depths
 36427 | Depths:1 | Found a one-way gate leading to the halls of Pandemonium.
 36526 | Depths:1 | Found a gateway to Hell.
 37953 | Depths:1 | Reached skill level 5 in Conjurations
 38675 | Depths:1 | Reached skill level 20 in Earth Magic
 38864 | Depths:1 | Reached XP level 17. HP: 65/121 MP: 14/34
 39549 | Snake:1  | Entered Level 1 of the Snake Pit
 40392 | Snake:1  | Learned a level 6 spell: Iron Shot
 40957 | Snake:1  | Found Klyghon's Antique Weapon Shoppe.
 43015 | Snake:3  | Noticed Wiglaf
 43032 | Snake:3  | HP: 6/121 [Wiglaf/war axe of chopping (2)]
 43033 | Snake:3  | Mangled by a shock serpent

Action                   |  1- 3 |  4- 6 |  7- 9 | 10-12 | 13-15 | 16-18 || total
-------------------------+-------+-------+-------+-------+-------+-------++-------
Melee: Hand axe          |     5 |   101 |       |       |       |       ||   106
       Trident           |       |     8 |   258 |   472 |   777 |   204 ||  1719
       Unarmed           |       |       |       |       |     1 |       ||     1
       Staff             |       |       |       |       |       |     3 ||     3
Throw: Stone             |     3 |       |     2 |     9 |     9 |     2 ||    25
 Cast: Sandblast         |    84 |    29 |    51 |   141 |   455 |    25 ||   785
       Stoneskin         |     1 |    10 |    14 |    18 |    73 |    19 ||   135
       Stone Arrow       |       |       |     6 |    48 |   151 |   158 ||   363
       Lee's Rapid Decon |       |       |     4 |    61 |   199 |   158 ||   422
       Iron Shot         |       |       |       |       |       |    56 ||    56
Invok: Lesser Servant of |       |       |       |     1 |       |       ||     1
       Greater Servant o |       |       |       |       |    14 |    10 ||    24
       Major Destruction |       |       |       |       |     1 |       ||     1
Evoke: Wand              |       |     1 |    11 |     5 |    27 |     9 ||    53
       Rod               |       |       |       |       |    10 |       ||    10
       Deck              |       |       |       |       |     3 |     2 ||     5
       Stone of tremors  |       |       |       |       |       |     2 ||     2
  Use: Potion            |       |       |     8 |     5 |    12 |     2 ||    27
       Scroll            |       |       |    16 |     6 |    21 |    11 ||    54
 Stab: Sleeping          |       |     4 |    20 |    33 |    28 |     3 ||    88
       Distracted        |       |       |     3 |     3 |     6 |     4 ||    16
  Eat: Chunk             |     5 |     5 |    17 |    64 |   153 |   120 ||   364
       Fruit             |       |       |     1 |     2 |     1 |    19 ||    23
       Pizza             |       |       |       |     2 |       |     1 ||     3
       Meat ration       |       |       |       |       |       |     1 ||     1
       Beef jerky        |       |       |       |       |       |     1 ||     1
